 Dungeon Crawl Stone Soup version 0.26.0-16-gc1dbca0489 (webtiles) character file.

Game seed: 1324652066378089408

43 kaeus the Insei (level 3, 0/18 HPs)
             Began as a Vine Stalker Transmuter on Jan 19, 2021.
             Succumbed to an adder's poison
             ... on level 1 of the Dungeon.
             The game lasted 00:02:43 (1361 turns).

kaeus the Insei (Vine Stalker Transmuter)           Turns: 1361, Time: 00:02:43

Health: 0/18       AC:  2    Str: 12    XL:     3   Next: 58%
Magic:  1/7        EV: 12    Int: 14    God:
Gold:   34         SH:  0    Dex: 14    Spells: 6/7 levels left

rFire    . . .     SeeInvis .     - Unarmed
rCold    . . .     Faith    .   (no shield)
rNeg     . . .     Spirit   +   a - +0 robe
rPois    .         Reflect  .   (helmet currently unavailable)
rElec    .         Harm     .   (no cloak)
rCorr    .         Rampage  .   (no gloves)
Will     .....                  (boots currently unavailable)
Stlth    +.........             (no amulet)
HPRegen  0.06/turn              (no ring)
MPRegen  0.10/turn              (no ring)

@: lethally poisoned (0 -> -7), appendages (expiring)
A: fangs 2, horns 2, talons 2, magic shield, antimagic bite, no potion heal 3
a: End Transformation


You were on level 1 of the Dungeon.
You had grown temporary horns.
You had grown temporary talons.
You visited 1 branch of the dungeon, and saw 2 of its levels.

You collected 34 gold pieces.

Inventory:

Armour
 a - a +0 robe (worn)
Scrolls
 c - 2 scrolls of identify {unknown}
 e - a scroll of remove curse {unknown}
 g - a scroll of fog {unknown}
 h - a scroll of immolation {unknown}
Potions
 b - a potion of brilliance {unknown}
 d - a potion of resistance {unknown}
 f - a potion of lignification {unknown}


   Skills:
 + Level 1.5 Fighting
 + Level 2.0 Dodging
 + Level 3.3 Unarmed Combat
 + Level 2.6 Spellcasting
 + Level 2.4 Transmutations


You had 6 spell levels left.
You knew the following spells:

 Your Spells              Type           Power        Failure   Level
a - Beastly Appendage     Tmut           16%          9%          1

Your spell library contained the following spells:

 Spells                   Type           Power        Failure   Level
 Wereblood                Tmut           8%           13%         2
 Spider Form              Tmut/Pois      2%           38%         3
 Ice Form                 Ice/Tmut       5%           80%         4
 Blade Hands              Tmut           4%           93%         5


Dungeon Overview and Level Annotations

Branches:
Dungeon (2/15)

Altars:


Innate Abilities, Weirdness & Mutations

You have extremely sharp teeth.
When hurt, damage is shared between your health and your magic reserves.
Your bite disrupts and absorbs the magic of your enemies.
Potions cannot restore your health.
You have a pair of horns on your head.
You have razor-sharp toenails.


Message History

The adder poisons you!
You feel sick. The bat hits you but does no damage. The adder bites you.
You are lethally poisoned!
The adder poisons you! The bat hits you but does no damage.
There is a stone staircase leading up here.
Your transformation is almost over.
You feel sick. The bat barely misses you. The adder barely misses you.
You climb upwards.
You feel sick.
There is a stone staircase leading down here.
You barely miss the rat. The bat hits you but does no damage.
The adder bites you.
* * * LOW HITPOINT WARNING * * *
The rat barely misses you. The adder closely misses you.
You hit the rat.
You kill the rat!
* * * LOW HITPOINT WARNING * * *
You feel sick. The bat hits you but does no damage. The adder misses you.
You miss the adder. Your kick misses the adder. Your headbutt misses the adder.
You bite the adder, but do no damage.
You die...

#####'#............(............#
#....#.###.#################.#
#...........#.................
#....#+##...#.################
#...........#.# #......
#.......#.#.#.##### #.#####
####...........÷.....# #.#####
.......#..)####S.....# #.#....
.......#...').b.@....# #.#.###
.......#...#####.†...# #.#.#
.......#...#####.....# #.#)#
.......#...).........# #.#.#
.....................# #.#(#
..............#..##### ##..#
..............#...# ####
..............#...## #..#
..............##...# ##.#


You could see an adder and a bat.

Vanquished Creatures
  A dart slug (D:1)
  A ball python (D:1)
  5 bats (D:1)
  4 giant cockroaches (D:1)
  4 goblins (D:1)
  4 hobgoblins (D:1)
  4 jackals (D:1)
  6 frilled lizards (D:1)
  4 kobolds (D:1)
  4 rats (D:1)
37 creatures vanquished.

Notes
Turn   | Place    | Note
-------+----------+-------------------------------------------
     0 | D:1      | kaeus the Vine Stalker Transmuter began the quest for the
                  | Orb.
     0 | D:1      | Reached XP level 1. HP: 9/9 MP: 4/4
    21 | D:1      | Reached skill level 1 in Fighting
   241 | D:1      | Reached XP level 2. HP: 14/14 MP: 4/6
   763 | D:1      | Reached XP level 3. HP: 11/18 MP: 5/7
  1361 | D:1      | Succumbed to an adder's poison

Illustrated notes

Levels and vault maps discovered:
D:1:      lemuel_arrival_broad_hall, layout_basic, serial_curves,
          eino_curves_04, eino_curves_02, eino_curves_03, eino_curves_03
D:2:      layout_rooms, minmay_tree_intersection

Skill      XL: |  1  2  3 |
---------------+----------+-----
Fighting       | 1 |  1.5
Dodging        | 2 |  2.0
Unarmed Combat | |  3.3
Spellcasting   | |  2.6
Transmutations | |  2.4

Action                   || total
-------------------------++-------
Melee: Unarmed           ||    90
       Bite              ||    14
       Headbutt          ||    10
       Kick              ||     8
 Cast: Beastly Appendage ||    16
Armor: Robe              ||    30
Dodge: Dodged            ||    77
